 Dungeon Crawl Stone Soup version 0.29-a0-817-g9904bce7a6 (webtiles) character file.

Game seed: 11270815811328149

56 blackman the Chopper (level 4, -1/35 HPs)
             Began as a Human Chaos Knight on July 5, 2022.
             Was a Plaything of Xom.
             Slain by a gnoll
             ... wielding a +0 flail
              (4 damage)
             ... on level 2 of the Dungeon.
             The game lasted 00:03:25 (1276 turns).

blackman the Chopper (Human Chaos Knight)           Turns: 1276, Time: 00:03:25

Health: -1/35      AC:  6    Str: 14      XL:     4   Next: 17%
Magic:  0/4        EV: 11    Int: 11 (12) God:    Xom [......]
Gold:   104        SH:  3    Dex: 12 (13) Spells: 3/3 levels left

rFire   . . .      SeeInvis .   a - +0 hand axe (chaos)
rCold   . . .      Faith    .   n - +0 buckler
rNeg    . . .      Spirit   +   b - +2 leather armour
rPois   +          Reflect  .   (no helmet)
rElec   .          Harm     .   j - +0 cloak
rCorr   .          Rampage  .   (no gloves)
Will    .....      Clarity  +   (no boots)
Stlth   +.........              h - amulet of guardian spirit
HPRegen 0.11/turn               e - ring of poison resistance
MPRegen 0.09/turn               (no ring)

@: no status effects
A: clarity, deterioration 1, screaming 1, sturdy frame 1
a: Renounce Religion


You were on level 2 of the Dungeon.
You worshipped Xom.
You were a very special plaything of Xom.
You visited 1 branch of the dungeon, and saw 2 of its levels.

You collected 104 gold pieces.

Inventory:

Hand Weapons
 a - a +0 hand axe of chaos (weapon)
 f - a +0 great sword
Armour
 b - a +2 leather armour (worn)
 j - a +0 cloak (worn)
 n - a +0 buckler (worn)
Jewellery
 d - a ring of ice
 e - a ring of poison resistance (left hand)
 h - an amulet of guardian spirit (around neck)
Scrolls
 k - 3 scrolls of enchant weapon {unknown}
 m - a scroll of teleportation {unknown}
 o - a scroll of immolation {unknown}
Potions
 g - a potion of lignification {unknown}
 l - a potion of might {unknown}
Miscellaneous
 c - a piece from Xom's chessboard (10/15) (quivered)


   Skills:
 - Level 3.0 Fighting
 + Level 4.7 Axes
 - Level 2.0 Armour
 - Level 1.0 Dodging


You had 3 spell levels left.
You didn't know any spells.
Your spell library contained the following spells:

 Spells                   Type           Power      Damage    Failure   Level
 Ensorcelled Hibernation  Hex/Ice        0%         N/A       61%         2
 Summon Guardian Golem    Hex/Summ       0%         N/A       83%         3
 Simulacrum               Ice/Necr       0%         N/A       100%        6
 Polar Vortex             Ice            0%         N/A       100%        9


Dungeon Overview and Level Annotations

Branches:
Dungeon (2/15)

Altars:

Shops:
D:1 *


Innate Abilities, Weirdness & Mutations

You possess an exceptional clarity of mind.
Your body sometimes deteriorates upon taking damage.
You occasionally shout uncontrollably at your foes.
Your movements are slightly less encumbered by armour. (ER -2)


Message History

The gnoll is severely wounded.
You hit something. Lightning courses through something!
Reactivating autopickup.
You feel a bit more experienced. The gnoll closely misses you.
You have reached level 4!
You feel agile.
Blink to where?
Press: ? - help, Dir - move target
As you read the scroll labelled MOCIYH ZOENE, it crumbles to dust.
It was a scroll of blinking.
You make a move on Xom's chessboard...
The kobold seems to slow down.
You make a move on Xom's chessboard...
The rat suddenly stops moving!
There is an escape hatch in the floor here.
There is a stone staircase leading up here.
You slash the hobgoblin!
You kill the hobgoblin!
The kobold hits you with a +0 short sword.
* * * LOW HITPOINT WARNING * * *
You hit the kobold. Lightning courses through the kobold!
You kill the kobold!
You hit the rat. You burn the rat.
You kill the rat!
You see here a +0 short sword.
You start resting.
A gnoll is nearby!
You make a move on Xom's chessboard...
The gnoll falls asleep!
Unknown command.
The gnoll shouts!
You hit the gnoll.
The gnoll is almost dead.
The gnoll hits you with a +0 flail.
* * * LOW HITPOINT WARNING * * *
You make a move on Xom's chessboard...
The gnoll resists with significant effort.
The gnoll hits you with a +0 flail.
* * * LOW HITPOINT WARNING * * *
You make a move on Xom's chessboard...
The gnoll seems to grow stronger.
The gnoll hits you with a +0 flail.
You die... "It was about time."

#..# #.# #.### #.##
#.### #..## #.# ##.#
#..###.# #...###.#
##..# ##.....#
###..##.####...#
#..#### #...........##
#####.##
##.##.##....####.....#
#†##.###.....)..###.#
#†...# #.##..#..# #.#
###..###.#.@###.###.#
##.....#g## #..##.#
###........# ##.##.#
#..g######.# #<...#
#.#.# #)# ###..# #...#
#.# #..# #...# #.#
#..######## #..K#
#.#######..........
#...#
#..........#.##....


You could see a gnoll (strong).

Vanquished Creatures
  2 gnolls (D:2)
  A dart slug (D:1)
  3 ball pythons
  An endoplasm (D:2)
  A giant cockroach (D:1)
  4 goblins
  5 hobgoblins
  3 jackals (D:2)
  2 quokkas (D:1)
  4 bats
  2 frilled lizards
  3 kobolds
  2 rats (D:2)
33 creatures vanquished.

Notes
Turn   | Place    | Note
-------+----------+-------------------------------------------
     0 | D:1      | blackman the Human Chaos Knight began the quest for the
                  | Orb.
     0 | D:1      | Reached XP level 1. HP: 18/18 MP: 1/1
    49 | D:1      | Found Janotwe's Assorted Antiques.
    76 | D:1      | Reached XP level 2. HP: 24/24 MP: 2/2
   405 | D:1      | Reached skill level 4 in Axes
   405 | D:1      | Reached XP level 3. HP: 16/29 MP: 3/3
   837 | D:2      | XOM: silly message
   844 | D:2      | XOM: cloud trail
   877 | D:2      | Got the Disquisition on the Frosty Flock
  1008 | D:2      | XOM: give mutations
  1008 | D:2      | Gained mutation: You possess an exceptional clarity of
                  | mind. [Xom's mischief]
  1008 | D:2      | Gained mutation: You occasionally shout uncontrollably at
                  | your foes. [Xom's mischief]
  1008 | D:2      | Gained mutation: Your movements are slightly less
                  | encumbered by armour. (ER -2) [Xom's mischief]
  1008 | D:2      | Gained mutation: Your body sometimes deteriorates upon
                  | taking damage. [Xom's mischief]
  1234 | D:2      | Reached XP level 4. HP: 5/35 MP: 1/4
  1276 | D:2      | Slain by a gnoll

Illustrated notes

Levels and vault maps discovered:
D:1:      tarquinn_simple_flora_water_c, layout_rooms, serial_shops,
          nicolae_shop_waterfront
D:2:      layout_rooms, nrook_mini_vaults

Skill      XL: |  1  2 |
---------------+-------+-----
Axes           | 4 |  4.7
Fighting       | |  3.0
Armour         | |  2.0
Dodging        | |  1.0

Action                   |  1- 3 |  4- 6 || total
-------------------------+-------+-------++-------
Melee: Hand axe          |    90 |     4 ||    94
Evoke: Piece from Xom's  |       |     5 ||     5
  Use: Scroll            |       |     1 ||     1
Armor: Leather armour    |    49 |       ||    49
Dodge: Dodged            |    59 |       ||    59
Block: Buckler           |     1 |       ||     1

Table legend: (Time is in decaauts)
 A = Elapsed time spent in this place.
 B = Non-inter-level travel time spent in this place.
 C = Inter-level travel time spent in this place.
 D = Time resting spent in this place.
 E = Time spent auto-exploring this place.
 F = Levels seen in this place.
 G = Mean time per level.
                   A        B        C        D        E       F      G
               +--------+--------+--------+--------+--------+-----+--------+
         Total |   1289 |   1221 |     68 |      6 |    952 |   2 |  644.5 |
       Dungeon |   1289 |   1221 |     68 |      6 |    952 |   2 |  644.5 |
               +--------+--------+--------+--------+--------+-----+--------+

Top non-repeatable levels by time:
     D:1: 771 daAuts
     D:2: 517 daAuts
